 Dungeon Crawl Stone Soup version 0.17.1-3-g152610e (webtiles) character file.

218 Jerry the Shield-Bearer (level 5, 0/45 HPs)
             Began as a Centaur Fighter on Mar 9, 2016.
             Succumbed to an adder's poison
             ... on level 4 of the Dungeon.
             The game lasted 00:11:49 (2886 turns).

Jerry the Shield-Bearer (Centaur Fighter)           Turns: 2886, Time: 00:11:49

Health: 0/45       AC:  9    Str: 19    XL:     5   Next: 63%
Magic:  5/5        EV:  1    Int:  7    God:
Gold:   216        SH:  9    Dex:  9    Spells: 0 memorised, 4 levels left

rFire  . . .     SeeInvis .     a - +0 trident
rCold  . . .     Clarity  .     r - +0 plate armour
rNeg   . . .     SustAt   .     c - +0 shield
rPois  .         Gourm    .     (no helmet)
rElec  .         Spirit   .     (no cloak)
rCorr  .         Warding  .     (no gloves)
rMut   .         Stasis   .     (no barding)
MR     .....                    (no amulet)
Stlth  ..........               (no ring)
                                g - +2 ring of slaying

@: lethally poisoned (0 -> -1), very quick, not resistant to hostile
enchantments, extremely unstealthy
A: hooves 3, deformed body, speed 2, tough skin 3
a: no special abilities


You were on level 4 of the Dungeon.
You were hungry.

You visited 1 branch of the dungeon, and saw 4 of its levels.

You collected 216 gold pieces.

Inventory:

Hand Weapons
 a - a +0 trident (weapon)
Armour
 b - a +0 scale mail
 c - a +0 shield (worn)
 r - a +0 plate armour (worn)
Jewellery
 g - a +2 ring of slaying (left hand)
Wands
 d - a wand of flame (27)
Scrolls
 h - a scroll of fear {unknown}
 i - 3 scrolls of remove curse {unknown}
 j - 2 scrolls of identify {unknown}
 l - 3 scrolls of teleportation {unknown}
 n - a scroll of fog {unknown}
 o - a scroll of enchant armour {unknown}
 q - a scroll of noise {unknown}
Potions
 f - 2 potions of heal wounds {unknown}
 k - a potion of lignification {unknown}
 m - a potion of agility {unknown}
 p - 2 potions of mutation {unknown}
 u - a potion of haste {unknown}
 v - a potion of curing {unknown}
Books
 s - a book of Unlife

   Spells                             Type                      Level
   a - Recall                         Summoning/Translocation      3
   b - Animate Dead                   Necromancy                   4
   c - Control Undead                 Necromancy                   4
   d - Cigotuvi's Embrace             Necromancy                   5
   e - Death Channel                  Necromancy                   6
   f - Simulacrum                     Ice/Necromancy               6
 w - a book of Burglary

   Spells                             Type                      Level
   a - Swiftness                      Charms/Air                   2
   b - Passwall                       Transmutation/Earth          3
   c - Passage of Golubria            Translocation                4
   d - Lee's Rapid Deconstruction     Earth                        5
   e - Darkness                       Hexes                        6
   f - Invisibility                   Hexes                        6
Comestibles
 e - 2 bread rations
 t - a meat ration


   Skills:
 - Level 3.0 Fighting
 + Level 3.2 Polearms
 + Level 2.5 Armour
 * Level 4.0 Shields


You had 4 spell levels left.
You didn't know any spells.

Dungeon Overview and Level Annotations

Branches:
Dungeon (4/15)
 Temple: D:4-7

Altars:
Gozag
Xom
Yredelemnul
Jiyva

Annotations:
D:3 Jerry's ghost, amateur CeFi
D:4 Blork the orc


Innate Abilities, Weirdness & Mutations

You have hooves in place of feet.
Armour fits poorly on your strangely shaped body.
You cover ground very quickly.
You have extremely tough skin (AC +3).


Message History

The adder is heavily wounded.
You block the adder's attack. x2
You puncture the adder!
You kill the adder!
Blork the orc hits you with a dire flail!
You puncture Blork the orc! Your kick misses Blork the orc.
Blork the orc is moderately wounded.
You feel sick.
Blork the orc suddenly grunts.
Blork the orc hits you with a dire flail!
* * * LOW HITPOINT WARNING * * *
Blork the orc hits you with a dire flail.
* * * LOW HITPOINT WARNING * * *
The phantom blinks!
Found a stone staircase leading up.
You see here a club.
Blork the orc points at you and mumbles some strange words.
The puff of frost hits you!
* * * LOW HITPOINT WARNING * * *
You die...

..o.... ..#. #.## ##
#.#. #####. #.#.
#.....##########.#.
######.####.............
(..<.......o########....
.......@..)..†..##......
..################.##.#.
#.##.#. ##..##.## ##
#..##..## ..####.###.##
...#.......# #....#.####
####..#.#


You could see Blork the orc.

Vanquished Creatures
  An orc priest (D:3)
  An orc wizard (D:3)
  A worker ant (D:4)
  4 adders
  An ooze (D:1)
  3 worms (D:2)
  4 giant geckos
  7 orcs
  A giant cockroach (D:1)
  9 hobgoblins
  6 jackals
  6 kobolds
  3 quokkas
  A ball python (D:1)
  15 bats
  3 giant newts
  3 goblins
  6 rats
75 creatures vanquished.

Notes
Turn   | Place    | Note
--------------------------------------------------------------
     0 | D:1      | Jerry the Centaur Fighter began the quest for the Orb.
     0 | D:1      | Reached XP level 1. HP: 19/19 MP: 1/1
    86 | D:1      | Reached XP level 2. HP: 21/26 MP: 2/2
   525 | D:1      | Reached XP level 3. HP: 29/31 MP: 3/3
   773 | D:1      | Found a viscous altar of Jiyva.
   773 | D:1      | Noticed a jelly
   773 | D:1      | Noticed a jelly
   773 | D:1      | Noticed a jelly
   774 | D:1      | Noticed a jelly
   774 | D:1      | Noticed a jelly
   775 | D:1      | Noticed a jelly
   775 | D:1      | Noticed a jelly
   810 | D:1      | Noticed a jelly
  1696 | D:2      | Reached XP level 4. HP: 29/38 MP: 4/4
  2288 | D:3      | Found a shimmering altar of Xom.
  2305 | D:3      | Noticed Jerry's ghost (amateur CeFi)
  2347 | D:3      | Found a basalt altar of Yredelemnul.
  2469 | D:3      | Reached XP level 5. HP: 22/45 MP: 5/5
  2774 | D:4      | Found an opulent altar of Gozag.
  2837 | D:4      | Reached skill level 4 in Shields
  2854 | D:4      | Noticed Blork the orc
  2854 | D:4      | Noticed a phantom
  2884 | D:4      | HP: 1/45 [Blork the orc/puff of frost (6)]
  2886 | D:4      | Succumbed to an adder's poison

Action                   |  1- 3 |  4- 6 || total
-------------------------+-------+-------++-------
Melee: Trident           |   149 |    96 ||   245
  Use: Potion            |       |     1 ||     1
  Eat: Chunk             |     2 |     2 ||     4
